 Dungeon Crawl Stone Soup version 0.29.1-14-g9c671dbff4 (webtiles) character file.

Game seed: 10521011717922435998

117 Ast3rio the Chopper (level 5, -8/47 HPs)
             Began as a Hill Orc Fighter on Feb 14, 2023.
             Mangled by an iguana (11 damage)
             ... on level 4 of the Dungeon.
             The game lasted 00:04:50 (2778 turns).

Ast3rio the Chopper (Hill Orc Fighter)              Turns: 2778, Time: 00:04:50

Health: -8/47      AC:  7    Str: 21    XL:     5   Next: 1%
Magic:  5/5        EV:  9    Int:  8    God:
Gold:   145        SH:  4    Dex: 10    Spells: 4/4 levels left

rFire   . . .      SeeInvis .   s - +3 dagger
rCold   . . .      Faith    .   c - +0 buckler
rNeg    . . .      Spirit   .   b - +0 scale mail
rPois   .          Reflect  .   (no helmet)
rElec   .          Harm     .   (no cloak)
rCorr   .          Rampage  .   (no gloves)
Will    .....                   (no boots)
Stlth   ..........              (no amulet)
HPRegen 0.15/turn               (no ring)
MPRegen 0.09/turn               (no ring)

@: no status effects
A: no striking features
a: no special abilities


You were on level 4 of the Dungeon.
You visited 1 branch of the dungeon, and saw 4 of its levels.

You collected 145 gold pieces.

Inventory:

Hand Weapons
 a - a +0 war axe
 s - a +3 dagger (weapon)
Armour
 b - a +0 scale mail (worn)
 c - a +0 buckler (worn)
Jewellery
 k - a ring of protection from cold
 u - a ring of positive energy
Scrolls
 e - 4 scrolls of identify {unknown}
 g - a scroll of fear {unknown}
 h - 2 scrolls of teleportation {unknown}
 i - a scroll of enchant weapon {unknown}
 l - a scroll of poison {unknown}
 n - a scroll of enchant armour {unknown}
 p - a scroll of vulnerability {unknown}
 q - 2 scrolls of magic mapping {unknown}
 v - a scroll of immolation {unknown}
 w - a scroll of brand weapon {unknown}
Potions
 d - a potion of might
 f - a potion of lignification {unknown}
 j - a potion of degeneration {unknown}
 m - a potion of curing {unknown}
 o - a potion of resistance {unknown}
 r - a potion of brilliance {unknown}
 t - a potion of flight {unknown}


   Skills:
 + Level 4.4 Fighting
 + Level 0.1 Short Blades
 + Level 4.9 Axes
 + Level 3.8 Armour
 + Level 0.5 Dodging
 + Level 3.5 Shields


You had 4 spell levels left.
You didn't know any spells.
Your spell library contained the following spells:

 Spells                   Type           Power      Damage    Failure   Level
 Static Discharge         Conj/Air       0%         3-3/arc   93%         2
 Sublimation of Blood     Necr           0%         N/A       93%         2
 Petrify                  Tmut/Erth      0%         N/A       100%        4
 Irradiate                Conj/Tmut      0%         3d11      100%        5
 Lightning Bolt           Conj/Air       0%         1d11      100%        5
 Maxwell's Capacitive Co  Air            0%         ∞         100%        8


Dungeon Overview and Level Annotations

Branches:
Dungeon (4/15)
 Temple: D:4-7

Altars:

Shops:
D:2 [


Message History

The iguana bites you!
You barely miss the iguana.
The iguana is lightly wounded.
The iguana bites you!
You are too injured to fight recklessly!
You are too injured to fight recklessly!
You are too injured to fight recklessly!
You are too injured to fight recklessly!
You barely miss the iguana.
The iguana is lightly wounded.
The iguana bites you!
* * * LOW HITPOINT WARNING * * *
You closely miss the iguana.
The iguana is lightly wounded.
The iguana bites you!
* * * LOW HITPOINT WARNING * * *
You barely miss the iguana.
The iguana is lightly wounded.
The iguana bites you but does no damage.
You hit the iguana.
The iguana is moderately wounded.
The iguana bites you but does no damage.
You hit the iguana.
The iguana is moderately wounded.
The iguana bites you but does no damage.
You hit the iguana but do no damage.
The iguana is moderately wounded.
You block the iguana's attack.
You hit the iguana.
The iguana is moderately wounded.
The iguana bites you.
* * * LOW HITPOINT WARNING * * *
You hit the iguana.
The iguana is heavily wounded.
The iguana bites you.
* * * LOW HITPOINT WARNING * * *
You hit the iguana but do no damage.
The iguana is heavily wounded.
The iguana bites you!
You die...

....=..........
............#.#
#..............#.
...........##..
..........#... #
#......##....
#.#.†..........
#...l@......##.
#...>..........
.........<.......
.####............
#............#
....#........##
...####....[###
... ##..... ..
......#


You could see an iguana.

Vanquished Creatures
  2 adders (D:3)
  3 worms
  A dart slug (D:1)
  10 ball pythons
  6 endoplasms
  6 giant cockroaches
  7 goblins
  4 hobgoblins
  8 jackals
  6 quokkas
  5 bats
  3 frilled lizards
  7 kobolds
  9 rats
77 creatures vanquished.

Notes
Turn   | Place    | Note
-------+----------+-------------------------------------------
     0 | D:1      | Ast3rio the Hill Orc Fighter began the quest for the Orb.
     0 | D:1      | Reached XP level 1. HP: 19/19 MP: 1/1
   252 | D:1      | Reached XP level 2. HP: 24/27 MP: 2/2
   534 | D:1      | Reached XP level 3. HP: 34/34 MP: 3/3
  1208 | D:2      | Found Vepilel's Antique Armour Emporium.
  1332 | D:2      | Reached XP level 4. HP: 41/41 MP: 4/4
  2693 | D:3      | Reached XP level 5. HP: 47/47 MP: 5/5
  2778 | D:4      | Mangled by an iguana

Illustrated notes

Levels and vault maps discovered:
D:1:      saegor_arrival_miasma, layout_basic
D:2:      layout_loops_corners, serial_shops, shop
D:3:      layout_loops_cross, minmay_mini_jars
D:4:      layout_cave_pools, minmay_misc_feat_rugged, uniq_eustachio, uniq_pikel

Skill      XL: |  1  2  3 |
---------------+----------+-----
Fighting       | 4 |  4.4
Axes           | 3 4 |  4.9
Short Blades   | |  0.1
Armour         | |  3.8
Dodging        | |  0.5
Shields        | |  3.5

Action                   |  1- 3 |  4- 6 || total
-------------------------+-------+-------++-------
Melee: War axe           |    89 |    46 ||   135
       Dagger            |       |    67 ||    67
Armor: Scale mail        |    42 |    63 ||   105
Dodge: Dodged            |    41 |    71 ||   112
Block: Buckler           |    15 |    23 ||    38
